 Dungeon Crawl Stone Soup version 0.30.0-29-ga12c61a403 (webtiles) character file.

Game seed: 2691025353809657760

0 ChadusMaximus the Caller (level 1, 0/13 HPs)
             Began as a Barachi Summoner on June 24, 2023.
             Slain by a hobgoblin (4 damage)
             ... on level 1 of the Dungeon.
             The game lasted 00:00:12 (191 turns).

ChadusMaximus the Caller (Barachi Summoner)          Turns: 191, Time: 00:00:13

Health: 0/13       AC:  2    Str:  9    XL:     1   Next: 10%
Magic:  2/3        EV: 12    Int: 15    God:
Gold:   39         SH:  0    Dex: 12    Spells: 3/4 levels left

rFire   . . .        c - +0 short sword
rCold   . . .        (no shield)
rNeg    . . .        a - +0 robe
rPois   .            (no helmet)
rElec   .            (no cloak)
rCorr   .            (no gloves)
SInv    .            (no boots)
Will    .....        (no amulet)
Stlth   ++           (no ring)
HPRegen 0.22/turn    (no ring)
MPRegen 0.08/turn

%: no passive effects
@: slow
A: amphibious, slowness 1, strong legs 1, +LOS
a: Hop


You were on level 1 of the Dungeon.
You visited 1 branch of the dungeon, and saw 1 of its levels.

You collected 39 gold pieces.

Inventory:

Hand Weapons
 c - a +0 short sword (weapon)
Armour
 a - a +0 robe (worn)
Potions
 b - a potion of magic


   Skills:
 - Level 2.1 Dodging
 - Level 1.7 Stealth
 + Level 2.2 Spellcasting
 * Level 4.8 Summonings


You had 3 spell levels left.
You knew the following spells:

 Your Spells              Type           Power      Damage    Failure   Level
a - Summon Small Mammal   Summ           64%        N/A       3%          1

Your spell library contained the following spells:

 Spells                   Type           Power      Damage    Failure   Level
 Call Imp                 Summ           32%        N/A       4%          2
 Call Canine Familiar     Summ           16%        N/A       9%          3
 Apportation              Tloc           2%         N/A       22%         1
 Necrotise                Necr           4%         1d4       22%         1
 Summon Guardian Golem    Hex/Summ       8%         N/A       24%         3
 Summon Lightning Spire   Summ/Air       8%         N/A       63%         4


Dungeon Overview and Level Annotations

Branches:
Dungeon (1/15)

Altars:


Innate Abilities, Weirdness & Mutations

You are amphibious.
You cover ground slowly.
You can hop short distances.
You have an extended range of vision and can be seen from far away.


Message History

There is an open door here.
You pick up a book of Cantrips and begin reading...
You add the spells Necrotise and Apportation to your library.
No target in view!
No target in view!
Found a dagger.
No target in view!
You now have 21 gold pieces (gained 12).
You open the door.
There is an open door here.
Key pressed, stopping explore.
No target in view!
You now have 39 gold pieces (gained 18).
A hobgoblin comes into view.
Found a robe.
The hobgoblin shouts!
A hobgoblin is nearby!
A hobgoblin is nearby!
The hobgoblin barely misses you.
You see here a +0 robe.
You closely miss the hobgoblin. The hobgoblin hits you.
A hobgoblin is nearby!
You hit the hobgoblin but do no damage. The hobgoblin misses you.
Unknown command.
A hobgoblin is nearby!
You barely miss the hobgoblin. The hobgoblin hits you.
A hobgoblin is nearby!
You barely miss the hobgoblin. The hobgoblin barely misses you.
A hobgoblin is nearby!
You hit the hobgoblin but do no damage. The hobgoblin hits you.
A hobgoblin is nearby!
You are too injured to fight recklessly!
You are too injured to fight recklessly!
A hobgoblin is nearby!
Unknown command.
You are too injured to fight recklessly!
Casting: Summon Small Mammal (safe; 3% risk of failure)
Confirm with . or Enter, or press ? or * to list all spells.
The hobgoblin hits you.
You die...

## ### .. ..# #.
#.# #. ..# #. #.# #
####. ..#.#
###....###.#.#
#.....g@r....#
#.#....###.########
.......#
#.........# ##.###+
#..######.# #. #..#
#.# #..# #.# #..#
#.# #..# #.# #..#
#.#


You could see a hobgoblin (ally target) and a friendly quokka (summoned).

Vanquished Creatures (collateral kills)
  A kobold (D:1)
1 creature vanquished.

Notes
Turn   | Place    | Note
-------+----------+-------------------------------------------
     0 | D:1      | ChadusMaximus the Barachi Summoner began the quest for the
                  | Orb.
     0 | D:1      | Reached XP level 1. HP: 13/13 MP: 3/3
   191 | D:1      | Slain by a hobgoblin

Illustrated notes

Levels and vault maps discovered:
D:1:      sevenhm_arrival_forest_fort_small_3, layout_basic, minivault_11

Action                     || total
---------------------------++-------
  Melee: Unarmed           ||     6
         Short sword       ||     5
   Cast: Summon Small Mamm ||     3
  Dodge: Dodged            ||     8
